Map: Backwater LE

Players

fruitcake

  • Race: Terran Terran
  • Spawn Location: 11:00

A.I. 1 (Harder) - Winner!

  • Race: Protoss Protoss
  • Spawn Location: 5:00

VOD

Have the link to the VOD?

Description

Time

  • Played on: May 5, 2018, 2:07 p.m.
  • Length: 20:11
Show
View Real Time Build Order
Export as new Build Order

fruitcake Terran 

Build Orders:  

Get SALT Encoding   

  12  0:01  SCV  
  13  0:14  Supply Depot  
  13  0:18  SCV  
  14  0:31  SCV  
  15  0:38  Barracks  
  15  0:43  SCV  
  15  0:47  Refinery  
  16  0:55  SCV  
  17  1:07  SCV  
  17  1:08  Supply Depot  
  18  1:20  SCV  
  19  1:26  Marine  
  20  1:43  Command Center  
  20  1:52  SCV  
  21  1:59  Refinery  
  21  2:01  Marine  
  22  2:10  Barracks  
  22  2:16  Orbital Command  
  22  2:23  Barracks Reactor  
  22  2:55  Factory  
  22  3:11  Marine x2  
  24  3:13  SCV  
  24  3:14  SCV  
  24  3:15  Barracks Tech Lab  
  26  3:25  SCV  
  26  3:26  SCV  
  28  3:28  Marine  
  28  3:29  Marine  
  30  3:37  SCV  
  30  3:39  Marauder  
  30  3:41  Stimpack  
  33  3:46  Marine  
  34  3:49  SCV  
  34  3:50  Engineering Bay  
  34  3:52  Marine  
  34  3:54  Supply Depot  
  36  4:00  Marauder  
  38  4:02  Factory Tech Lab  
  38  4:03  Cyclone  
  38  4:04  Marine  
  42  4:12  SCV  
  43  4:19  Marine  
  43  4:21  Refinery, Marauder  
  43  4:22  Marine  
  47  4:24  SCV  
  47  4:28  Supply Depot  
  47  4:31  Supply Depot  
  48  4:36  SCV  
  48  4:37  Marine  
  48  4:38  Factory Tech Lab  
  50  4:39  Factory Reactor  
  50  4:43  Terran Infantry Weapons Level 1, Marauder  
  52  4:45  Marine  
  52  4:48  SCV  
  54  4:54  Marine  
  55  5:01  Starport  
  55  5:02  SCV  
  55  5:03  Marine  
  55  5:04  Marauder  
  59  5:08  SCV  
  59  5:12  Marine  
  61  5:14  SCV  
  61  5:20  SCV  
  61  5:21  Marine  
  63  5:28  Cyclone x2  
  70  5:39  Supply Depot  
  70  5:59  Starport Reactor  
  70  6:00  Marine x2, SCV  
  70  6:01  Supply Depot, Marauder  
  75  6:04  Factory  
  75  6:11  Cyclone  
  78  6:20  Marine  
  78  6:22  SCV, Marine, Supply Depot  
  78  6:23  Cyclone, Marauder  
  70  6:38  Marine, Medivac  
  73  6:40  Marine  
  73  6:44  Marine  
  75  6:54  SCV  
  75  6:56  Marine  
  75  6:58  Marine  
  78  7:02  Marauder  
  78  7:06  SCV  
  78  7:07  Factory Reactor  
  81  7:09  Cyclone x2  
  81  7:13  Marine  
  88  7:16  Marine  
  88  7:20  Orbital Command  
  89  7:23  Refinery, Terran Infantry Armor Level 1  
  89  7:24  Marauder  
  87  7:31  Marine  
  78  7:52  Medivac  
  78  7:55  Marine  
  78  7:56  Marine  
  80  8:13  Marine x2  
  82  8:23  Cyclone x2  
  88  8:27  Medivac  
  88  8:31  Marine x2, SCV  
  93  8:43  SCV  
  94  8:51  Barracks Tech Lab  
  94  8:59  Command Center  
  94  9:00  Supply Depot  
  94  9:04  Supply Depot  
  94  9:17  Marine  
  94  9:18  SCV  
  94  9:21  Marine, SCV, Cyclone  
  94  9:22  Marauder  
  94  9:23  Supply Depot  
  101  9:27  Supply Depot  
  101  9:33  Medivac x2  
  101  9:35  Marine  
  104  9:39  Marine  
  104  9:43  Marine  
  106  9:47  Supply Depot  
  106  9:51  Supply Depot  
  106  9:53  Marine  
  106  9:56  Cyclone x2  
  106  9:57  Marine  
  114  10:00  Marine  
  114  10:03  Medivac x2  
  119  10:08  Barracks  
  119  10:11  Marine  
  119  10:15  Marine  
  119  10:19  Marauder  
  117  10:28  Cyclone x2  
  104  10:29  Marine  
  104  10:32  Marine  
  107  10:37  SCV  
  107  10:38  SCV x2  
  107  10:40  Marine  
  111  10:47  Marine, Medivac x2  
  111  10:49  SCV  
  117  10:50  Marine, SCV  
  117  10:56  Barracks  
  119  10:58  Marauder  
  119  11:00  Cyclone x2  
  127  11:04  Marine  
  127  11:08  Marine  
  127  11:09  SCV  
  127  11:19  Marauder  
  127  11:22  Marine  
  127  11:25  Medivac x2  
  132  11:26  Marine  
  132  11:28  SCV  
  132  11:32  Cyclone x2  
  142  11:36  Refinery  
  142  11:40  SCV, Marine  
  142  11:41  Marauder  
  142  11:44  Marine  
  147  11:52  SCV, Cyclone  
  147  11:53  Cyclone  
  154  11:55  Medivac  
  154  11:58  Marine  
  157  12:01  Refinery  
  157  12:10  Supply Depot  
  157  12:21  Supply Depot  
  157  12:31  Marine x3, SCV, Cyclone  
  157  12:33  Supply Depot  
  164  12:43  SCV, Medivac x2  
  169  12:45  Supply Depot  
  169  12:49  Marine x2, Marauder  
  173  12:56  SCV, Supply Depot  
  174  13:05  Command Center  
  174  13:06  Cyclone x2  
  174  13:07  Marine x2  
  174  13:08  SCV, Cyclone  
  174  13:09  Supply Depot  
  174  13:11  Marauder  
  188  13:17  Medivac x2  
  188  13:18  Cyclone  
  195  13:20  SCV  
  195  13:25  Marine  
  197  13:30  Marine  
  197  13:32  SCV  
  199  13:42  Marine  
  199  13:48  Marine  
  169  13:57  Marine  
  169  14:00  Marine  
  152  14:06  Marine  
  151  14:15  Marauder  
  153  14:18  Marine  
  153  14:23  Marine  
  130  14:27  Cyclone x2  
  130  14:28  Cyclone x2  
  142  14:35  SCV  
  142  14:36  Marine x2  
  142  14:37  SCV x2  
  147  14:39  SCV  
  147  14:41  Marine  
  146  14:47  SCV  
  146  14:48  Refinery  
  142  14:54  Marine, Marauder  
  142  14:59  SCV, Marine, Cyclone  
  153  15:00  Cyclone x3  
  159  15:11  SCV, Marine  
  159  15:12  Refinery  
  161  15:16  Marauder  
  161  15:17  Marine  
  164  15:25  Medivac x2  
  164  15:27  Marine x2  
  170  15:29  Marine  
  170  15:32  Cyclone x4  
  170  15:35  Marine  
  184  15:37  Marauder  
  186  15:44  Marine  
  186  15:45  Marine  
  186  15:47  Marine  
  189  15:50  SCV  
  189  15:52  Marine  
  189  15:55  Medivac x2  
  195  15:58  Marauder  
  195  16:02  Marine  
  200  16:04  Widow Mine  
  200  16:32  Command Center  
  169  16:50  Marine x3, Marauder  
  148  16:57  Cyclone  
  148  16:58  Cyclone x3  
  156  17:07  Marine x2, Liberator x2  
  156  17:08  Marine  
  159  17:12  Marauder  
  143  17:25  Marine x3  
  149  17:30  Cyclone x4  
  149  17:33  Marauder  
  151  17:43  Marine x3  
  146  17:50  Liberator x2  
  137  17:54  Marauder  
  139  18:01  Marine x3  
  139  18:02  Cyclone x4  
  154  18:10  SCV  
  161  18:16  Marauder  
  161  18:17  Refinery  
  161  18:19  Marine x3  
  166  18:34  Cyclone x4  
  172  18:36  Marine  
  172  18:37  Marine x2, Marauder  
  183  18:47  Marine  
  184  18:50  Medivac x2  
  184  18:54  Marine x3  
  191  18:58  Marauder  
  191  19:01  SCV  
  194  19:05  Marine  
  194  19:06  Cyclone  
  198  19:12  Marine x2, Refinery  
  198  19:15  Barracks Reactor  
  200  19:29  Barracks Tech Lab  
Show
View Real Time Build Order
Export as new Build Order

A.I. 1 (Harder) Protoss - Winner!

Build Orders:  

Get SALT Encoding   

  12  0:00  Probe  
  13  0:13  Probe  
  14  0:20  Pylon  
  14  0:25  Probe  
  15  0:34  Probe  
  15  0:42  Probe  
  16  0:48  Assimilator  
  17  0:50  Gateway  
  17  0:51  Probe  
  18  0:59  Probe  
  18  1:00  Pylon  
  19  1:20  Probe  
  20  1:37  Zealot  
  22  1:41  Gateway  
  22  1:43  Cybernetics Core  
  22  1:44  Assimilator  
  22  1:59  Pylon  
  22  2:17  Stalker  
  24  2:24  Warp Gate  
  24  2:27  Stalker  
  26  2:40  Pylon  
  26  2:47  Zealot  
  28  2:51  Adept  
  30  3:14  Adept  
  30  3:15  Adept  
  30  3:19  Pylon  
  34  3:40  Probe  
  35  3:41  Adept  
  35  3:44  Stalker  
  39  3:53  Probe  
  40  4:00  Pylon, Adept  
  40  4:05  Probe  
  43  4:14  Forge, Adept  
  45  4:17  Probe  
  46  4:29  Probe  
  47  4:34  Zealot  
  49  4:41  Probe  
  50  4:49  Stalker  
  52  5:31  Protoss Ground Weapons Level 1  
  52  5:44  Sentry  
  52  5:47  Gateway  
  52  5:49  Robotics Facility  
  54  5:51  Photon Cannon  
  54  5:52  Adept  
  54  5:53  Pylon, Nexus  
  54  5:54  Photon Cannon  
  56  5:58  Stargate  
  56  6:00  Sentry  
  58  6:12  Adept  
  58  6:28  Twilight Council  
  58  6:30  Zealot  
  44  6:37  Adept  
  44  6:38  Observer  
  41  6:45  Adept  
  43  6:53  Stalker  
  45  7:00  Observer  
  46  7:01  Zealot  
  46  7:05  Probe  
  46  7:06  Probe  
  50  7:09  Adept  
  52  7:17  Protoss Ground Armor Level 1  
  52  7:18  Probe x2  
  54  7:23  Adept  
  51  7:30  Probe  
  51  7:31  Adept, Probe  
  51  7:39  Zealot  
  51  7:42  Probe  
  51  7:43  Probe  
  55  7:48  Zealot  
  57  7:54  Probe  
  57  7:55  Probe  
  57  7:56  Adept  
  61  8:03  Adept  
  63  8:06  Probe  
  63  8:07  Probe  
  63  8:11  Adept  
  67  8:17  Probe  
  67  8:18  Probe  
  67  8:19  Stalker  
  70  8:26  Pylon  
  71  8:27  Stalker  
  71  8:30  Probe  
  71  8:32  Pylon  
  74  8:39  Forge  
  74  8:52  Photon Cannon  
  74  8:56  Photon Cannon  
  74  9:21  Assimilator  
  74  9:26  Assimilator  
  74  9:40  Probe  
  74  9:44  Stalker x2, Probe, Immortal  
  80  9:54  Gateway  
  80  9:56  Nexus  
  80  10:15  Pylon  
  80  10:17  Warp Prism  
  78  10:23  Zealot  
  62  10:32  Stalker  
  54  10:36  Robotics Facility  
  54  10:37  Stargate  
  54  10:41  Stalker  
  56  10:49  Gateway  
  56  10:51  Stalker  
  56  10:53  Warp Prism  
  60  11:00  Stalker  
  62  11:09  Sentry  
  64  11:20  Robotics Bay  
  64  11:22  Warp Prism  
  64  11:23  Observer  
  67  11:38  Immortal  
  67  11:45  Probe  
  72  11:47  Probe  
  72  11:49  Probe  
  74  11:59  Immortal  
  74  12:00  Protoss Ground Weapons Level 2  
  78  12:01  Probe  
  78  12:03  Probe  
  78  12:04  Probe  
  78  12:07  Protoss Ground Armor Level 2  
  81  12:09  Colossus  
  81  12:13  Probe  
  81  12:14  Probe  
  81  12:15  Probe  
  90  12:25  Probe  
  91  12:35  Assimilator, Probe x2  
  93  12:37  Colossus  
  93  12:38  Probe  
  100  12:47  Observer Gravitic Boosters, Probe  
  100  12:48  Assimilator, Probe  
  100  12:50  Probe  
  103  12:59  Probe  
  103  13:01  Probe  
  103  13:03  Pylon  
  105  13:06  Protoss Air Weapons Level 1  
  105  13:34  Dark Shrine  
  105  13:35  Gravitic Drive  
  105  13:40  Adept  
  107  13:42  Zealot  
  107  13:45  Zealot  
  107  13:46  Pylon  
  107  13:47  Zealot  
  113  13:49  Adept  
  113  13:51  Phoenix  
  113  13:54  Phoenix  
  113  13:57  Protoss Shields Level 1  
  113  14:00  Adept  
  115  14:03  Stalker  
  115  14:04  Protoss Ground Weapons Level 3  
  115  14:05  Sentry  
  115  14:07  Adept  
  115  14:09  Adept  
  123  14:14  Pylon  
  123  14:15  Fleet Beacon  
  121  14:20  Stalker, Immortal  
  121  14:21  Nexus  
  95  14:24  Zealot  
  95  14:27  Stalker  
  95  14:28  Resonating Glaives  
  103  14:31  Stalker  
  103  14:33  Stalker  
  103  14:36  Immortal  
  111  14:38  Adept  
  111  14:42  Stargate  
  111  14:43  Sentry  
  113  14:50  Zealot  
  115  14:54  Adept  
  117  15:00  Protoss Air Armor Level 1  
  117  15:38  Protoss Ground Armor Level 3  
  117  15:42  Assimilator  
  117  15:44  Pylon  
  117  15:47  Pylon  
  117  15:53  Assimilator  
  117  16:08  Photon Cannon  
  117  16:11  Photon Cannon  
  117  16:12  Protoss Shields Level 2  
  117  16:28  Disruptor  
  117  16:32  Void Ray  
  124  16:35  Disruptor  
  127  16:40  Tempest  
  127  16:43  Zealot  
  127  16:46  Protoss Air Armor Level 2  
  127  16:47  Stalker  
  127  16:49  Void Ray, Stalker  
  127  16:53  Zealot  
  115  16:56  Zealot  
  93  17:03  Sentry  
  93  17:04  Immortal  
  93  17:07  Immortal  
  99  17:14  Void Ray, Zealot  
  101  17:18  Stalker  
  98  17:23  Void Ray, Zealot  
  98  17:27  Sentry  
  103  17:31  Zealot  
  103  17:35  Stalker  
  100  17:42  Zealot  
  100  17:43  Immortal  
  101  17:45  Sentry  
  101  17:46  Disruptor  
  101  17:53  Stalker  
  101  17:56  Probe  
  101  17:57  Stalker  
  107  17:58  Probe  
  107  18:00  Zealot, Probe  
  107  18:01  Probe  
  107  18:04  Sentry  
  111  18:08  Stalker, Probe  
  111  18:10  Probe  
  111  18:12  Probe  
  116  18:16  Stalker  
  118  18:20  Zealot  
  118  18:22  Disruptor  
  123  18:27  Zealot  
  123  18:30  Adept  
  127  18:34  Stalker  
  127  18:36  Photon Cannon  
  127  18:37  Tempest  
  127  18:40  Photon Cannon  
  135  18:41  Adept  
  135  18:44  Disruptor  
  140  18:48  Stalker  
  140  18:49  Disruptor  
  145  19:28  Nexus  
  145  19:56  Zealot  
  141  20:01  Zealot  
  137  20:09  Adept  
Tags
 
Add a new tag
Caveats
  • Supply blocks, unpowered buildings, or Contaminate may cause inaccurate times.
  • Supply counts are checked every 10 seconds.